 Dungeon Crawl Stone Soup version 0.27-a0-901-g8736458e1e (webtiles) character file.

Game seed: 13120739547248205737

146 HELP the Stinger (level 5, -7/31 HPs)
             Began as an Octopode Venom Mage on Apr 6, 2021.
             Mangled by a phantom (8 damage)
             ... on level 3 of the Dungeon.
             The game lasted 00:06:43 (2700 turns).

HELP the Stinger (Octopode Venom Mage)              Turns: 2700, Time: 00:06:44

Health: -7/31      AC:  1    Str:  8    XL:     5   Next: 28%
Magic:  7/9        EV: 13    Int: 18    God:
Gold:   115        SH:  0    Dex: 12    Spells: 4/9 levels left

rFire    . . .     SeeInvis .   b - +2 quarterstaff (chaos)
rCold    . . .     Faith    .   (shield currently unavailable)
rNeg     . . .     Spirit   .   (helmet restricted)
rPois    .         Reflect  .   (no amulet)
rElec    .         Harm     .   (no ring)
rCorr    .         Rampage  .   (no ring)
Will     .....                  (no ring)
Stlth    +++.......             (no ring)
HPRegen  0.10/turn              (no ring)
MPRegen  0.11/turn              (no ring)
                                (no ring)
                                (no ring)

@: no status effects
A: almost no armour, amphibious, 8 rings, camouflage 1, gelatinous body 1,
(nimble swimmer 1), tentacles
a: no special abilities


You were on level 3 of the Dungeon.
You visited 1 branch of the dungeon, and saw 3 of its levels.

You collected 115 gold pieces.

Inventory:

Hand Weapons
 a - a +2 dagger of venom
 b - a +2 quarterstaff of chaos (weapon)
Jewellery
 g - a ring of see invisible
 k - a ring of protection from cold
Scrolls
 d - a scroll of noise {unknown}
 e - 3 scrolls of identify {unknown}
 f - 2 scrolls of enchant weapon {unknown}
 j - a scroll of blinking {unknown}
 l - a scroll of amnesia {unknown}
 n - a scroll of teleportation {unknown}
Potions
 c - 5 potions of curing {unknown}
 h - a potion of haste {unknown}
 i - 2 potions of heal wounds {unknown}
 m - a potion of degeneration {unknown}


   Skills:
 - Level 2.0 Dodging
 - Level 3.6 Stealth
 + Level 2.8 Spellcasting
 * Level 2.0 Summonings
 - Level 1.0 Transmutations
 * Level 5.3 Poison Magic


You had 4 spell levels left.
You knew the following spells:

 Your Spells              Type           Power      Damage    Failure   Level
a - Sting                 Tmut/Pois      52%        1d5       4%          1
s - Call Imp              Summ           10%        N/A       11%         2
z - Poisonous Vapours     Pois/Air       24%        N/A       9%          2

Your spell library contained the following spells:

 Spells                   Type           Power      Damage    Failure   Level
 Magic Dart               Conj           8%         1d3       17%         1
 Olgreb's Toxic Radiance  Pois           21%        N/A       19%         4
 Ignite Poison            Fire/Tmut/Pois 10%        N/A       22%         3
 Mephitic Cloud           Conj/Pois/Air  8%         N/A       24%         3
 Blink                    Tloc           N/A        N/A       26%         2
 Slow                     Hex            2%         N/A       26%         2
 Conjure Flame            Conj/Fire      2%         6-21      45%         3


Dungeon Overview and Level Annotations

Branches:
Dungeon (3/15)

Altars:


Innate Abilities, Weirdness & Mutations

You cannot wear most types of armour.
You are amphibious.
You can wear up to eight rings at the same time.
Your skin changes colour to match your surroundings (Stealth+).
Your rubbery body absorbs attacks. (AC +1, EV +1)
((You are camouflaged near water. (Stealth+)))
You have tentacles for arms and can constrict up to eight enemies at once.


Message History

The orc looks even sicker.
The orc throws a boomerang.
The boomerang misses you.
The orc throws a boomerang.
The boomerang hits you.
You feel a bit more experienced.
You closely miss the phantom. The phantom barely misses you.
You hit the phantom.
The phantom seems to slow down.
The phantom is lightly damaged.
The phantom barely misses you.
You barely miss the phantom.
The phantom is lightly damaged.
The phantom hits you.
You hit the phantom but do no damage.
The phantom is lightly damaged.
The phantom completely misses you.
You hit the phantom.
Space bends around the phantom.
The phantom is moderately damaged.
The phantom is no longer moving slowly.
You barely miss the phantom.
The phantom is moderately damaged.
The phantom hits you.
The phantom blinks!
You blink.
The phantom misses you.
You barely miss the phantom. Your squeeze misses the phantom.
The phantom is moderately damaged.
The phantom closely misses you.
You barely miss the phantom. Your squeeze misses the phantom.
The phantom is moderately damaged.
The phantom closely misses you.
You barely miss the phantom.
The phantom is moderately damaged.
The phantom closely misses you.
You closely miss the phantom.
The phantom is moderately damaged.
The phantom hits you!
* * * LOW HITPOINT WARNING * * *
The phantom blinks!
You blink.
The phantom hits you.
* * * LOW HITPOINT WARNING * * *
The phantom blinks!
You blink.
You closely miss the phantom.
The phantom is moderately damaged.
The phantom hits you!
You die...

#...................##
#.......#.........o..
###.#####.........# .
#.# #.........#..# #.#
#.>.......#...
####.#####.....!.......
#.......##.........#...
#.§.....#####....###...
#....W@.###.....## #..
#............#..## #.†
#................####..
#........##............
######§..##........####
#§######.#......##
#.####...#..#.....
#.#...............
#...##............


You could see a phantom.

Vanquished Creatures
  A centaur zombie (D:2)
  Crazy Yiuf (D:2)
  2 adders
  A worm (D:2)
  A dart slug (D:1)
  An orc (D:3)
  6 ball pythons
  4 endoplasms (D:2)
  4 giant cockroaches
  8 goblins
  8 hobgoblins
  3 jackals (D:1)
  3 quokkas
  6 bats
  3 kobolds (D:2)
  3 rats
55 creatures vanquished.

Notes
Turn   | Place    | Note
-------+----------+-------------------------------------------
     0 | D:1      | HELP the Octopode Venom Mage began the quest for the Orb.
     0 | D:1      | Reached XP level 1. HP: 11/11 MP: 3/3
    38 | D:1      | Reached XP level 2. HP: 15/17 MP: 5/5
    58 | D:1      | Reached skill level 4 in Poison Magic
   680 | D:1      | Reached XP level 3. HP: 19/21 MP: 6/6
   800 | D:1      | Found a faded altar of an unknown god.
   870 | D:1      | Learned a level 2 spell: Poisonous Vapours
   873 | D:1      | Learned a level 2 spell: Call Imp
  1587 | D:2      | Reached XP level 4. HP: 26/27 MP: 7/7
  1751 | D:2      | Reached skill level 1 in Summonings
  1813 | D:2      | Found a runed translucent door.
  1814 | D:2      | Noticed Crazy Yiuf
  1821 | D:2      | Killed Crazy Yiuf
  1822 | D:2      | Reached skill level 5 in Poison Magic
  1957 | D:2      | Reached XP level 5. HP: 18/31 MP: 7/9
  2676 | D:3      | Noticed a phantom
  2699 | D:3      | HP: 1/31 [phantom (4)]
  2700 | D:3      | Mangled by a phantom

Illustrated notes

Levels and vault maps discovered:
D:1:      ebering_trefoil_3fold, layout_basic, basic_ecumenical_altar
D:2:      layout_basic, minmay_fractal_squares_5, uniq_crazy_yiuf_cottage
D:3:      layout_rooms

Skill      XL: |  1  2  3  4  5 |
---------------+----------------+-----
Stealth        | 3 |  3.6
Poison Magic   | 4 5 |  5.3
Summonings     | 1 2 |  2.0
Dodging        | |  2.0
Spellcasting   | |  2.8
Transmutations | |  1.0

Action                   |  1- 3 |  4- 6 || total
-------------------------+-------+-------++-------
Melee: Dagger            |    55 |    21 ||    76
       Constrict         |    13 |     6 ||    19
       Tentacles         |     8 |     5 ||    13
       Unarmed           |     1 |       ||     1
       Quarterstaff      |       |    15 ||    15
 Cast: Sting             |     8 |       ||     8
       Poisonous Vapours |     5 |     6 ||    11
 Stab: Sleeping          |     5 |     1 ||     6
Armor: Skin              |     7 |     4 ||    11
Dodge: Dodged            |    32 |    21 ||    53

Table legend: (Time is in decaauts)
 A = Elapsed time spent in this place.
 B = Non-inter-level travel time spent in this place.
 C = Inter-level travel time spent in this place.
 D = Time resting spent in this place.
 E = Time spent auto-exploring this place.
 F = Levels seen in this place.
 G = Mean time per level.
                   A        B        C        D        E       F      G
               +--------+--------+--------+--------+--------+-----+--------+
         Total |   2702 |   2637 |     65 |    225 |   2074 |   3 |  900.7 |
       Dungeon |   2702 |   2637 |     65 |    225 |   2074 |   3 |  900.7 |
               +--------+--------+--------+--------+--------+-----+--------+

Top non-repeatable levels by time:
     D:1: 1327 daAuts
     D:2: 1131 daAuts
     D:3: 244 daAuts
